AoeStats
← BenJames

Highland

506220985Analyzed
4v4 RM · 18d ago on Sep 12, 2026· 42m 37s· 8 players
Game mode
Random Map
Map size
Large (8 player)
Population
200
Speed
Normal
Resources
Standard
Victory
Conquest
Starting age
Dark Age
Ending age
Imperial Age
RankedLock teamsTeams togetherTeam positionsShared explorationLock speedFull tech treeHidden civsTurbo modeCheats
Victory
Defeat
🇨🇴 Britons · Colombia
1102
+17
🇿🇦 Huns · South Africa
1086
+18
🇨🇴 Mongols · Colombia
1085
+18
🇩🇪 Wei · Germany
1056
+19
🇩🇪 Khmer · Germany
1160
-20
🇩🇪 Dravidians · Germany
1154
-19
🇩🇪 Georgians · Germany
1135
-18
🇩🇪 Gurjaras · Germany
1045
-15
Pandinus
1:13 Loom
12:14 Feudal Age
19:22 Castle Age
17:34 Double-Bit Axe
17:57 Horse Collar
19:02 Gold Mining
19:29 Stone Mining
21:50 Wheelbarrow
21:08 Town Watch
22:22 Bloodlines
22:26 Fletching
24:17 Bow Saw
26:54 Husbandry
27:20 Heavy Plow
28:57 Ballistics
28:33 Treadmill Crane
29:18 Bodkin Arrow
33:44 Imperial Age
31:40 Padded Archer Armor
32:11 Thumb Ring
32:14 Tuntian
32:53 Hand Cart
32:57 Murder Holes
33:49 Leather Archer Armor
33:47 Masonry
34:24 Gold Shaft Mining
34:26 Stone Shaft Mining
34:35 Bracer
34:57 Conscription
35:06 Parthian Tactics
36:02 Chemistry
35:20 Caravan
37:51 Ring Archer Armor
36:45 Light Cavalry
37:45 Scale Barding Armor
38:18 Hussar
40:07 Ming Guang Armor
41:38 Chain Barding Armor
BenJames
5:04 Loom
9:42 Feudal Age
10:35 Man-at-Arms
11:40 Double-Bit Axe
15:49 Forging
17:38 Horse Collar
17:50 Fletching
20:31 Gold Mining
21:17 Padded Archer Armor
26:59 Castle Age
27:07 Crossbowman
27:53 Thumb Ring
29:54 Bloodlines
29:45 Husbandry
29:54 Bodkin Arrow
31:57 Scale Barding Armor
33:58 Wheelbarrow
34:03 Gold Shaft Mining
33:48 Bow Saw
34:21 Leather Archer Armor
37:23 Chain Barding Armor
38:52 Ballistics
41:54 Imperial Age
39:40 Hand Cart
43:08 Bracer
Patroclo
5:09 Loom
12:31 Feudal Age
14:02 Wheelbarrow
13:14 Double-Bit Axe
13:37 Town Watch
13:38 Horse Collar
16:54 Castle Age
14:47 Stone Mining
15:05 Gold Mining
17:35 Crossbowman
18:27 Fletching
18:38 Padded Archer Armor
19:36 Bow Saw
20:47 Bodkin Arrow
22:23 Leather Archer Armor
27:25 Hand Cart
32:46 Imperial Age
33:40 Bracer
34:10 Ring Archer Armor
34:05 Ballistics
34:46 Chemistry
34:09 Conscription
35:29 Two-Man Saw
34:40 Heavy Plow
36:00 Guilds
35:51 Caravan
35:43 Arbalester
37:09 Warwolf
37:36 Yeomen
37:42 Town Patrol
38:08 Masonry
38:47 Warwolf
GreenHydra
10:30 Feudal Age
11:30 Double-Bit Axe
11:27 Horse Collar
11:58 Gold Mining
12:00 Stone Mining
22:58 Castle Age
21:43 Loom
22:34 Wheelbarrow
21:44 Town Watch
22:15 Bloodlines
22:44 Scale Mail Armor
22:57 Forging
22:52 Scale Barding Armor
24:29 Wheelbarrow
24:41 Gold Shaft Mining
24:10 Heavy Plow
27:50 Marauders
28:12 Husbandry
31:28 Imperial Age
30:39 Hand Cart
31:26 Iron Casting
31:11 Chain Barding Armor
31:30 Hand Cart
32:39 Conscription
34:11 Elite Tarkan
36:58 Blast Furnace
36:33 Plate Barding Armor
40:24 Cavalier
Dr.Zock
3:49 Loom
10:38 Feudal Age
11:51 Double-Bit Axe
12:28 Horse Collar
15:34 Man-at-Arms
20:52 Wheelbarrow
27:51 Arson
29:35 Forging
29:32 Scale Barding Armor
35:09 Castle Age
34:30 Scale Barding Armor
34:25 Scale Mail Armor
34:39 Bloodlines
36:15 Hand Cart
35:46 Town Watch
36:17 Husbandry
37:42 Iron Casting
41:27 Bow Saw
41:21 Heavy Plow
41:53 Chain Barding Armor
Mavto
8:07 Loom
9:55 Feudal Age
12:18 Double-Bit Axe
15:22 Horse Collar
19:53 Castle Age
25:46 Bow Saw
28:43 Heavy Plow
30:57 Crossbowman
31:34 Fletching
31:44 Padded Archer Armor
31:58 Town Watch
34:13 Wheelbarrow
35:08 Husbandry
36:34 Hand Cart
37:43 Bloodlines
37:56 Town Patrol
39:40 Gold Mining
40:18 Forging
44:10 Imperial Age
42:01 Scale Barding Armor
43:14 Iron Casting
Bernie Blindman
3:40 Loom
13:40 Feudal Age
16:43 Castle Age
14:36 Double-Bit Axe
14:35 Horse Collar
18:10 Bow Saw
20:31 Heavy Plow
21:39 Wheelbarrow
24:02 Husbandry
24:13 Bloodlines
24:29 Scale Barding Armor
25:51 Forging
27:04 Chain Barding Armor
27:33 Hand Cart
28:58 Iron Casting
30:01 Town Watch
31:38 Fortified Wall
34:08 Imperial Age
34:16 Cavalier
35:34 Plate Barding Armor
35:42 Town Patrol
36:54 Blast Furnace
37:24 Conscription
37:04 Gold Mining
37:05 Stone Mining
fritatorface
8:32 Loom
11:53 Feudal Age
12:29 Double-Bit Axe
18:35 Castle Age
16:33 Fletching
17:04 Horse Collar
20:23 Medium Warships
20:47 Stone Mining
23:30 Bodkin Arrow
23:35 Padded Archer Armor
23:00 Elite Skirmisher
24:24 Forging
24:08 Arson
25:53 Scale Mail Armor
29:32 Chain Mail Armor
29:40 Heavy Plow
31:56 Iron Casting
32:41 Thumb Ring
33:55 Wheelbarrow
34:25 Bow Saw
37:37 Imperial Age
35:47 Ballistics
37:51 Leather Archer Armor
38:44 Elite Urumi Swordsman
Connection lost

Rejoining the realm…

Still unreachable

The connection could not be restored.

Session expired

The server has moved on; the page needs a fresh start.